AoeStats
← Navix de los Bosques de Lituania

Arabia

508060894Analyzed
3v3 RM · 10d ago on Sep 20, 2026· 47m 24s· 6 players
Game mode
Random Map
Map size
Normal (6 player)
Population
200
Speed
Normal
Resources
Standard
Victory
Conquest
Starting age
Dark Age
Ending age
Imperial Age
RankedLock teamsTeams togetherTeam positionsShared explorationLock speedFull tech treeHidden civsTurbo modeCheats
Victory
Defeat
721
+19
🇲🇽 Turks · Mexico
675
+21
🇺🇸 Franks · United States
615
+22
🇸🇰 Bulgarians · Slovakia
810
-22
🇺🇦 Magyars · Ukraine
801
-22
🇺🇦 Bohemians · Ukraine
719
-18
JuanPuma2608
3:35 Loom
11:12 Feudal Age
11:47 Double-Bit Axe
15:12 Gold Mining
20:44 Castle Age
19:21 Forging
19:46 Scale Barding Armor
20:18 Bloodlines
21:16 Wheelbarrow
25:09 Husbandry
29:19 Iron Casting
28:49 Stone Mining
34:56 Fletching
37:55 Imperial Age
35:46 Hand Cart
38:42 Gold Shaft Mining
39:18 Conscription
42:03 Murder Holes
42:10 Bodkin Arrow
43:11 Sipahi
43:30 Parthian Tactics
43:43 Horse Collar
44:33 Ballistics
43:51 Heavy Cavalry Archer
46:31 Padded Archer Armor
Navix de los Bosques de Lituania
3:39 Loom
11:24 Feudal Age
11:25 Man-at-Arms
11:50 Arson
12:21 Long Swordsman
13:30 Scale Mail Armor
18:22 Horse Collar
23:57 Forging
29:06 Double-Bit Axe
32:17 Wheelbarrow
40:17 Gold Mining
43:28 Castle Age
45:02 Hand Cart
45:08 Chain Mail Armor
45:29 Iron Casting
44:17 Two-Handed Swordsman
44:59 Squires
45:31 Gambesons
47:21 Bow Saw
47:46 Gold Shaft Mining
47:01 Stone Mining
47:15 Heavy Plow
Forsaken__King
0:30 Loom
12:04 Feudal Age
12:58 Double-Bit Axe
15:00 Stone Mining
25:03 Castle Age
23:28 Gold Mining
24:35 Forging
25:31 Light Cavalry
26:19 Scale Barding Armor
27:44 Iron Casting
28:32 Husbandry
31:22 Bow Saw
31:51 Gold Shaft Mining
32:55 Wheelbarrow
33:51 Pikeman
34:34 Squires
35:41 Chain Barding Armor
35:20 Fletching
35:57 Hand Cart
41:56 Imperial Age
39:14 Town Watch
39:31 Bodkin Arrow
39:37 Scale Mail Armor
40:12 Fortified Wall
39:59 Murder Holes
41:29 Ballistics
41:20 Masonry
41:28 Chain Mail Armor
41:01 Arson
42:26 Fervor
42:38 Sanctity
42:26 Caravan
42:02 Cavalier
43:20 Plate Barding Armor
43:30 Hoardings
46:14 Chivalry
46:37 Conscription
45:42 Paladin
47:00 Architecture
47:11 Halberdier
48:23 Plate Mail Armor
48:57 Blast Furnace
Чебурек
11:02 Feudal Age
12:04 Double-Bit Axe
14:20 Wheelbarrow
14:02 Arson
16:29 Forging
20:34 Castle Age
18:33 Horse Collar
20:13 Scale Mail Armor
21:27 Gambesons
23:23 Bow Saw
23:20 Loom
25:18 Iron Casting
26:01 Heavy Plow
27:11 Hand Cart
27:39 Pikeman
32:31 Squires
34:55 Stone Mining
35:25 Scale Barding Armor
38:59 Gold Mining
45:17 Imperial Age
43:00 Masonry
45:33 Elite Konnik
✩TyBys✩ azov
2:35 Loom
12:54 Feudal Age
11:57 Loom
14:19 Wheelbarrow
13:33 Double-Bit Axe
14:10 Arson
14:57 Man-at-Arms
17:13 Scale Mail Armor
18:18 Horse Collar
21:28 Bloodlines
25:26 Castle Age
26:26 Husbandry
25:47 Light Cavalry
29:12 Scale Barding Armor
29:12 Fletching
31:25 Hand Cart
31:32 Gold Mining
34:15 Gold Shaft Mining
34:39 Long Swordsman
38:04 Chain Barding Armor
Raccoon
11:42 Feudal Age
27:48 Double-Bit Axe
49:30 Castle Age
Connection lost

Rejoining the realm…

Still unreachable

The connection could not be restored.

Session expired

The server has moved on; the page needs a fresh start.